TOP OF THE 1ST |
Orlando Calrissian batting - Pitching for Baffin Island Beavers : LHP Marcos Benítez
|
Pitching: LHP Marcos Benítez
|
|
Batting: LHB Danny Allen
|
0-0: Ball 1-0: Ball 2-0: Foul Ball, location: 2F 2-1: DOUBLE (Line Drive, 7LM)
|
Batting: SHB Tim Abbott
|
0-0: Called Strike 0-1: Swinging Strike 0-2: Foul Ball, location: 2F 0-2: Ball 1-2: Strikes out swinging
|
Batting: LHB Santiago Márquez
|
0-0: Called Strike 0-1: Foul Ball, location: 2F 0-2: Foul Ball, location: 2F 0-2: Strikes out swinging
|
Batting: RHB Rich Anderson
|
0-0: Swinging Strike 0-1: Ball 1-1: Foul Ball, location: 2F 1-2: Ground out 6-3 (Groundball, 6)
|
Top of the 1st over - 0 run(s), 1 hit(s), 0 error(s), 1 left on base; Orlando 0 - Baffin Island 0 |
BOTTOM OF THE 1ST |
Baffin Island Beavers batting - Pitching for Orlando Calrissian : RHP Armando Pérez
|
Pitching: RHP Armando Pérez
|
|
Batting: LHB Mario García
|
0-0: Swinging Strike 0-1: Called Strike 0-2: Strikes out swinging
|
Batting: LHB Jeff Cole
|
0-0: Ball 1-0: Ball 2-0: Ball 3-0: Base on Balls
|
Batting: RHB Tony Morton
|
0-0: SINGLE (Groundball, 4MS) Jeff Cole to second
|
Batting: LHB Lorenzo Villa
|
0-0: Called Strike 0-1: Swinging Strike 0-2: Strikes out looking
|
Batting: RHB Dexter Potter
|
0-0: Fly out, F9 (Flyball, 89D)
|
Bottom of the 1st over - 0 run(s), 1 hit(s), 0 error(s), 2 left on base; Orlando 0 - Baffin Island 0 |
TOP OF THE 2ND |
Orlando Calrissian batting - Pitching for Baffin Island Beavers : LHP Marcos Benítez
|
Batting: RHB Raúl Canó
|
0-0: Ground out 5-3 (Groundball, 5S)
|
Batting: RHB Frederico Hernández
|
0-0: Ball 1-0: Ball 2-0: Ground out 6-3 (Groundball, 6)
|
Batting: LHB Juan Colón
|
0-0: Ground out 5-3 (Groundball, 56)
|
Top of the 2nd over - 0 run(s), 0 hit(s), 0 error(s), 0 left on base; Orlando 0 - Baffin Island 0 |
BOTTOM OF THE 2ND |
Baffin Island Beavers batting - Pitching for Orlando Calrissian : RHP Armando Pérez
|
Batting: LHB Keng-chi Lao
|
0-0: Ball 1-0: Called Strike 1-1: Ground out 4-3 (Groundball, 4)
|
Batting: RHB Dave Craig
|
0-0: Ball 1-0: Ball 2-0: Ground out 5-3 (Groundball, 5L)
|
Batting: LHB José Berroa
|
0-0: Ball 1-0: Foul Ball, location: 2F 1-1: Ball 2-1: Fly out, F7 (Flyball, 7S)
|
Bottom of the 2nd over - 0 run(s), 0 hit(s), 0 error(s), 0 left on base; Orlando 0 - Baffin Island 0 |
TOP OF THE 3RD |
Orlando Calrissian batting - Pitching for Baffin Island Beavers : LHP Marcos Benítez
|
Batting: RHB Enrique Bermúdez
|
0-0: Ground out 4-3 (Groundball, 4)
|
Batting: RHB Robby Lewis
|
0-0: Ball 1-0: SOLO HOME RUN (Flyball, 9D), Distance : 428 ft
|
Batting: LHB Danny Allen
|
0-0: Foul Ball, location: 2F 0-1: Foul Ball, location: 2F 0-2: Ball 1-2: Ball 2-2: Ball 3-2: Ground out U3 (Groundball, 3S)
|
Batting: SHB Tim Abbott
|
0-0: SINGLE (Groundball, 4MD)
|
Batting: LHB Santiago Márquez
|
0-0: Ball 1-0: SINGLE (Groundball, 6M) Tim Abbott to second
|
Batting: RHB Rich Anderson
|
0-0: Foul Ball, location: 2F 0-1: Foul Ball, location: 2F 0-2: Foul Ball, location: 2F 0-2: Ball 1-2: Ball 2-2: Ball 3-2: 3-RUN HOME RUN (Flyball, 7D), Distance : 425 ft
|
Batting: RHB Raúl Canó
|
0-0: Called Strike 0-1: Ball 1-1: Ball 2-1: Called Strike 2-2: Ball 3-2: Ground out 6-3 (Groundball, 6)
|
Top of the 3rd over - 4 run(s), 4 hit(s), 0 error(s), 0 left on base; Orlando 4 - Baffin Island 0 |
BOTTOM OF THE 3RD |
Baffin Island Beavers batting - Pitching for Orlando Calrissian : RHP Armando Pérez
|
Batting: RHB Mario López
|
0-0: Called Strike 0-1: Foul Ball, location: 2F 0-2: Fly out, F8 (Flyball, 8RD)
|
Batting: LHB Mario García
|
0-0: Ball 1-0: Called Strike 1-1: Foul Ball, location: 2F 1-2: Ground out 6-3 (Groundball, 6)
|
Batting: LHB Jeff Cole
|
0-0: Ball 1-0: Ball 2-0: Called Strike 2-1: Ball 3-1: Base on Balls
|
Batting: RHB Tony Morton
|
0-0: Called Strike 0-1: DOUBLE (Line Drive, 8RXD) Jeff Cole to third Runner from 3rd tries for Home, throw and OUT!
|
Bottom of the 3rd over - 0 run(s), 1 hit(s), 0 error(s), 1 left on base; Orlando 4 - Baffin Island 0 |
TOP OF THE 4TH |
Orlando Calrissian batting - Pitching for Baffin Island Beavers : LHP Marcos Benítez
|
Batting: RHB Frederico Hernández
|
0-0: Called Strike 0-1: Swinging Strike 0-2: Ball 1-2: SINGLE (Line Drive, 6MD)
|
Batting: LHB Juan Colón
|
0-0: Foul Ball, location: 2F 0-1: Foul Ball, location: 2F 0-2: Ball 1-2: Foul Ball, location: 2F 1-2: Foul Ball, location: 2F 1-2: Hit by Pitch Frederico Hernández to second
|
Batting: RHB Enrique Bermúdez
|
0-0: Foul Ball, location: 2F 0-1: Ball 1-1: Called Strike 1-2: Ball 2-2: Strikes out swinging
|
Batting: RHB Robby Lewis
|
0-0: Swinging Strike 0-1: Foul Ball, location: 2F 0-2: Foul Ball, location: 2F 0-2: Ball 1-2: Fielders Choice at 2nd, 5-4 (Groundball, 56) Frederico Hernández to third
|
Batting: LHB Danny Allen
|
0-0: Foul Ball, location: 2F 0-1: SINGLE (Groundball, 34) Frederico Hernández scores Robby Lewis to second Runner from 2nd tries for 3rd, SAFE, throw made to third
|
Batting: SHB Tim Abbott
|
0-0: Ball 1-0: Foul Ball, location: 2F 1-1: Ground out 6-3 (Groundball, 6D)
|
Top of the 4th over - 1 run(s), 2 hit(s), 0 error(s), 2 left on base; Orlando 5 - Baffin Island 0 |
BOTTOM OF THE 4TH |
Baffin Island Beavers batting - Pitching for Orlando Calrissian : RHP Armando Pérez
|
Batting: LHB Lorenzo Villa
|
0-0: Called Strike 0-1: Swinging Strike 0-2: Ball 1-2: Ground out 4-3 (Groundball, 4)
|
Batting: RHB Dexter Potter
|
0-0: Foul Ball, location: 2F 0-1: Ball 1-1: Foul Ball, location: 2F 1-2: Ball 2-2: Foul Ball, location: 2F 2-2: Strikes out swinging
|
Batting: LHB Keng-chi Lao
|
0-0: Called Strike 0-1: Foul Ball, location: 2F 0-2: SINGLE (Line Drive, 3D)
|
Batting: RHB Dave Craig
|
0-0: Ball 1-0: Foul Ball, location: 2F 1-1: SINGLE (Line Drive, 8RS) Keng-chi Lao to second
|
Batting: LHB José Berroa
|
0-0: Called Strike 0-1: Ball 1-1: Fly out, F7 (Line Drive, 7M)
|
Bottom of the 4th over - 0 run(s), 2 hit(s), 0 error(s), 2 left on base; Orlando 5 - Baffin Island 0 |
TOP OF THE 5TH |
Orlando Calrissian batting - Pitching for Baffin Island Beavers : LHP Marcos Benítez
|
Batting: LHB Santiago Márquez
|
0-0: Ball 1-0: Called Strike 1-1: Foul Ball, location: 2F 1-2: Ball 2-2: Fly out, F9 (Flyball, 9LD)
|
Batting: RHB Rich Anderson
|
0-0: Called Strike 0-1: Foul Ball, location: 2F 0-2: Ball 1-2: Foul Ball, location: 2F 1-2: Foul Ball, location: 2F 1-2: Ball 2-2: Ball 3-2: Foul Ball, location: 2F 3-2: Fly out, F8 (Flyball, 8RD)
|
Batting: RHB Raúl Canó
|
0-0: Ball 1-0: Ground out U3 (Groundball, 3S)
|
Top of the 5th over - 0 run(s), 0 hit(s), 0 error(s), 0 left on base; Orlando 5 - Baffin Island 0 |
BOTTOM OF THE 5TH |
Baffin Island Beavers batting - Pitching for Orlando Calrissian : RHP Armando Pérez
|
Batting: RHB Mario López
|
0-0: Ball 1-0: Ball 2-0: Called Strike 2-1: Fly out, F6 (Popup, 56D)
|
Batting: LHB Mario García
|
0-0: Ball 1-0: Ball 2-0: Called Strike 2-1: Foul Ball, location: 2F 2-2: Ground out 1-3 (Groundball, 13S)
|
Batting: LHB Jeff Cole
|
0-0: Ball 1-0: Ball 2-0: Foul Ball, location: 2F 2-1: Ground out U3 (Groundball, 3S)
|
Bottom of the 5th over - 0 run(s), 0 hit(s), 0 error(s), 0 left on base; Orlando 5 - Baffin Island 0 |
TOP OF THE 6TH |
Orlando Calrissian batting - Pitching for Baffin Island Beavers : LHP Marcos Benítez
|
Batting: RHB Frederico Hernández
|
0-0: Foul Ball, location: 2F 0-1: Swinging Strike 0-2: Foul Ball, location: 2F 0-2: Ball 1-2: Foul Ball, location: 2F 1-2: Ground out 6-3 (Groundball, 6)
|
Batting: LHB Juan Colón
|
0-0: Ball 1-0: Ground out 4-3 (Groundball, 4)
|
Batting: RHB Enrique Bermúdez
|
0-0: Called Strike 0-1: Foul Ball, location: 2F 0-2: Ball 1-2: Reached on error, E6 (Groundball, 6)
|
Batting: RHB Robby Lewis
|
0-0: SINGLE (Groundball, 6) Enrique Bermúdez to second
|
Batting: LHB Danny Allen
|
0-0: Foul Ball, location: 2F 0-1: Ball 1-1: SINGLE (Line Drive, 34) Enrique Bermúdez to third Robby Lewis to second Runner from 3rd tries for Home, SAFE, no throw or cutoff
|
Pitching: RHP Ron Henningar
|
|
Batting: SHB Tim Abbott
|
0-0: Ball 1-0: Foul Ball, location: 2F 1-1: Foul Ball, location: 2F 1-2: Ground out U3 (Groundball, 3)
|
Top of the 6th over - 1 run(s), 2 hit(s), 1 error(s), 2 left on base; Orlando 6 - Baffin Island 0 |
BOTTOM OF THE 6TH |
Baffin Island Beavers batting - Pitching for Orlando Calrissian : RHP Armando Pérez
|
Batting: RHB Tony Morton
|
0-0: Ball 1-0: Ball 2-0: SOLO HOME RUN (Flyball, 7D), Distance : 424 ft
|
Batting: LHB Lorenzo Villa
|
0-0: Called Strike 0-1: Foul Ball, location: 2F 0-2: Ball 1-2: Ball 2-2: Ball 3-2: Base on Balls
|
Batting: RHB Dexter Potter
|
0-0: Swinging Strike 0-1: DOUBLE (Groundball, 5L) Lorenzo Villa to third
|
Batting: LHB Keng-chi Lao
|
0-0: Ball 1-0: Called Strike 1-1: Ball 2-1: Foul Ball, location: 2F 2-2: Ground out 3-1 (Groundball, 34S) Lorenzo Villa scores Dexter Potter to third
|
Batting: RHB Dave Craig
|
0-0: Ball 1-0: Ball 2-0: Foul Ball, location: 2F 2-1: Foul Ball, location: 2F 2-2: Ball 3-2: Base on Balls
|
Batting: LHB José Berroa
|
0-0: Ball 1-0: Ball 2-0: Fly out, F4 (Popup, 4MD)
|
Batting: RHB Mario López
|
0-0: Called Strike 0-1: Ball 1-1: Fielders Choice at 2nd, 5-4 (Groundball, 56)
|
Bottom of the 6th over - 2 run(s), 2 hit(s), 0 error(s), 1 left on base; Orlando 6 - Baffin Island 2 |
TOP OF THE 7TH |
Orlando Calrissian batting - Pitching for Baffin Island Beavers : RHP Ron Henningar
|
Batting: LHB Santiago Márquez
|
0-0: Ball 1-0: Ball 2-0: Called Strike 2-1: Ball 3-1: Base on Balls
|
Batting: RHB Rich Anderson
|
0-0: Grounds into double play, 5-4-3 (Groundball, 56)
|
Batting: RHB Raúl Canó
|
0-0: Fly out, F7 (Flyball, 7D)
|
Top of the 7th over - 0 run(s), 0 hit(s), 0 error(s), 0 left on base; Orlando 6 - Baffin Island 2 |
BOTTOM OF THE 7TH |
Baffin Island Beavers batting - Pitching for Orlando Calrissian : RHP Armando Pérez
|
Pitching: RHP Bernardo Hernández
|
|
Batting: LHB Mario García
|
0-0: Ball 1-0: Fly out, F4 (Line Drive, 4)
|
Batting: LHB Jeff Cole
|
0-0: Called Strike 0-1: Foul Ball, location: 2F 0-2: Ball 1-2: Ball 2-2: Ball 3-2: SINGLE (Line Drive, 89M)
|
Batting: RHB Tony Morton
|
0-0: Called Strike 0-1: Ball 1-1: Ground out 4-3 (Groundball, 4MS) Jeff Cole to second
|
Batting: LHB Lorenzo Villa
|
0-0: Ball 1-0: Swinging Strike 1-1: Fly out, F6 (Popup, 78S)
|
Bottom of the 7th over - 0 run(s), 1 hit(s), 0 error(s), 1 left on base; Orlando 6 - Baffin Island 2 |
TOP OF THE 8TH |
Orlando Calrissian batting - Pitching for Baffin Island Beavers : RHP Ron Henningar
|
Batting: RHB Frederico Hernández
|
0-0: Ball 1-0: Swinging Strike 1-1: Ground out 6-3 (Groundball, 6)
|
Batting: LHB Juan Colón
|
0-0: Called Strike 0-1: Ball 1-1: Ball 2-1: SINGLE (Groundball, 4MD)
|
Batting: RHB Enrique Bermúdez
|
0-0: Ball 1-0: Ball 2-0: Ground out 6-3 (Groundball, 6MS) Juan Colón to second
|
Batting: RHB Robby Lewis
|
0-0: Foul Ball, location: 2F 0-1: Fly out, F3 (Popup, 3S)
|
Top of the 8th over - 0 run(s), 1 hit(s), 0 error(s), 1 left on base; Orlando 6 - Baffin Island 2 |
BOTTOM OF THE 8TH |
Baffin Island Beavers batting - Pitching for Orlando Calrissian : RHP Bernardo Hernández
|
Batting: RHB Dexter Potter
|
0-0: Called Strike 0-1: Ball 1-1: Ground out 6-3 (Groundball, 6)
|
Batting: LHB Keng-chi Lao
|
0-0: Ball 1-0: Swinging Strike 1-1: Ball 2-1: Ground out U3 (Groundball, 3L)
|
Batting: RHB Dave Craig
|
0-0: Ball 1-0: Ball 2-0: Ball 3-0: Called Strike 3-1: Foul Ball, location: 2F 3-2: DOUBLE (Line Drive, 8RS)
|
Batting: LHB José Berroa
|
0-0: Fly out, F8 (Flyball, 8LD)
|
Bottom of the 8th over - 0 run(s), 1 hit(s), 0 error(s), 1 left on base; Orlando 6 - Baffin Island 2 |
TOP OF THE 9TH |
Orlando Calrissian batting - Pitching for Baffin Island Beavers : RHP Ron Henningar
|
Batting: LHB Danny Allen
|
0-0: Called Strike 0-1: Swinging Strike 0-2: Foul Ball, location: 2F 0-2: Ball 1-2: Foul Ball, location: 2F 1-2: Fly out, F7 (Line Drive, 78S)
|
Batting: SHB Tim Abbott
|
0-0: Ball 1-0: Foul Ball, location: 2F 1-1: Ground out 4-3 (Groundball, 34)
|
Batting: LHB Santiago Márquez
|
0-0: Ball 1-0: SINGLE (Groundball, 34D)
|
Batting: RHB Rich Anderson
|
0-0: Ball 1-0: Foul Ball, location: 2F 1-1: Ball 2-1: SINGLE (Groundball, 4M) Santiago Márquez to second Runner from 2nd tries for 3rd, SAFE, throw made to third
|
Batting: RHB Raúl Canó
|
0-0: Called Strike 0-1: Fly out, F8 (Flyball, 8LD)
|
Top of the 9th over - 0 run(s), 2 hit(s), 0 error(s), 2 left on base; Orlando 6 - Baffin Island 2 |
BOTTOM OF THE 9TH |
Baffin Island Beavers batting - Pitching for Orlando Calrissian : RHP Bernardo Hernández
|
Batting: RHB Mario López
|
0-0: Ground out 5-3 (Groundball, 56S)
|
Batting: LHB Mario García
|
0-0: Ball 1-0: Called Strike 1-1: Foul Ball, location: 2F 1-2: Ball 2-2: Ball 3-2: SINGLE (Line Drive, 7S)
|
Batting: LHB Jeff Cole
|
0-0: Foul Ball, location: 2F 0-1: Called Strike 0-2: Ball 1-2: Ball 2-2: Ball 3-2: Grounds into double play, 2-6-3 (Groundball, 2L)
|
Bottom of the 9th over - 0 run(s), 1 hit(s), 0 error(s), 0 left on base; Orlando 6 - Baffin Island 2 |
|